AoeStats
← cmd

Arabia

507107390Analyzed
3v3 RM · 15d ago on Sep 16, 2026· 31m 37s· 6 players
Game mode
Random Map
Map size
Normal (6 player)
Population
200
Speed
Normal
Resources
Standard
Victory
Conquest
Starting age
Dark Age
Ending age
Imperial Age
RankedLock teamsTeams togetherTeam positionsShared explorationLock speedFull tech treeHidden civsTurbo modeCheats
Victory
Defeat
🇩🇪 Mongols · Germany
1037
+13
🇩🇪 Japanese · Germany
974
+16
🇩🇪 Franks · Germany
840
+21
🇺🇸 Burgundians · United States
989
-18
🇬🇧 Bulgarians · United Kingdom
966
-17
🇲🇽 Franks · Mexico
935
-15
helo
7:40 Loom
10:09 Feudal Age
12:18 Man-at-Arms
15:25 Forging
15:18 Scale Mail Armor
16:55 Double-Bit Axe
17:45 Fletching
21:22 Castle Age
20:02 Fletching
20:59 Padded Archer Armor
21:11 Horse Collar
21:52 Crossbowman
23:10 Pikeman
24:52 Squires
25:31 Wheelbarrow
30:19 Heavy Plow
30:30 Bow Saw
31:31 Thumb Ring
31:59 Gold Mining
cmd
10:56 Loom
12:41 Feudal Age
17:02 Castle Age
15:04 Double-Bit Axe
15:21 Gold Mining
19:03 Bow Saw
20:03 Scale Barding Armor
23:40 Gold Shaft Mining
23:41 Stone Mining
25:27 Husbandry
25:51 Chain Barding Armor
27:44 Wheelbarrow
noname
6:59 Loom
8:51 Feudal Age
14:45 Fletching
16:22 Horse Collar
18:31 Padded Archer Armor
18:35 Double-Bit Axe
21:40 Wheelbarrow
21:12 Gold Mining
24:23 Castle Age
24:25 Crossbowman
25:01 Bodkin Arrow
25:45 Leather Archer Armor
27:34 Bow Saw
28:28 Town Watch
Mike LR
0:33 Loom
12:24 Feudal Age
12:54 Double-Bit Axe
17:53 Fletching
21:10 Castle Age
20:48 Stone Mining
22:57 Town Watch
27:25 Gold Mining
28:38 Wheelbarrow
tenduril
7:33 Loom
9:18 Double-Bit Axe
11:44 Feudal Age
Desmond
9:44 Loom
11:38 Feudal Age
18:42 Castle Age
17:20 Double-Bit Axe
20:23 Wheelbarrow
21:09 Horse Collar
29:57 Gold Mining
Connection lost

Rejoining the realm…

Still unreachable

The connection could not be restored.

Session expired

The server has moved on; the page needs a fresh start.